 Dungeon Crawl Stone Soup version 0.32-a0-814-g0968bab981 (webtiles) character file.

Game seed: 6857276941389193109

164 zenocrate the Sneak (level 5, -6/34 HPs)
             Began as an Octopode Earth Elementalist on Mar 22, 2024.
             Mangled by an ogre
             ... wielding a +0 giant spiked club
              (40 damage)
             ... on level 4 of the Dungeon.
             The game lasted 00:02:23 (2691 turns).

zenocrate the Sneak (Octopode Earth Elementalist)   Turns: 2691, Time: 00:02:23

Health: -6/34      AC:  1    Str:  8    XL:     5   Next: 45%
Magic:  6/8        EV: 13    Int: 17    God:
Gold:   143        SH:  0    Dex: 14    Spells: 4/8 levels left

rFire   . .          .
                       - Unarmed
rCold   . . .        (no shield)
rNeg    . . .        (helmet restricted)
rPois   .            (no amulet)
rElec   .            (no ring)
rCorr   .            (no ring)
SInv    .            (no ring)
Will    .....        (no ring)
Stlth   ++++         (no ring)
HPRegen 0.25/turn    (no ring)
MPRegen 0.11/turn    (no ring)
                     (no ring)

%: no passive effects
@: no status effects
A: almost no armour, amphibious, 8 rings, camouflage 1, gelatinous body 1,
(nimble swimmer 1), tentacles
a: no special abilities


You were on level 4 of the Dungeon.
You visited 1 branch of the dungeon, and saw 4 of its levels.

You collected 143 gold pieces.

Inventory:

Armour
 m - a +0 buckler
Scrolls
 b - 2 scrolls of identify {unknown}
 c - a scroll of brand weapon {unknown}
 f - a scroll of immolation {unknown}
 h - a scroll of poison {unknown}
 j - a scroll of torment {unknown}
 n - a scroll of fog {unknown}
 o - a scroll of silence {unknown}
 p - a scroll of revelation {unknown}
Potions
 a - a potion of magic
 d - 3 potions of curing
 e - a potion of attraction {unknown}
 g - 3 potions of enlightenment {unknown}
 i - a potion of heal wounds {unknown}
 k - a potion of might {unknown}
 l - 2 potions of mutation {unknown}
 q - a potion of degeneration {unknown}


   Skills:
 + Level 2.1 Fighting
 + Level 3.0 Dodging
 + Level 4.4 Stealth
 * Level 2.6 Unarmed Combat
 - Level 2.0 Spellcasting
 - Level 1.0 Conjurations
 - Level 3.0 Earth Magic


You had 4 spell levels left.
You knew the following spells:

 Your Spells              Type           Power      Damage    Failure   Level
a - Sandblast             Erth           22%        2d7       5%          1
b - Stone Arrow           Conj/Erth      16%        3d8       26%         3

Your spell library contained the following spells:

 Spells                   Type           Power      Damage    Failure   Level
 Kiss of Death            Conj/Necr      12%        2d6       16%         1
 Passwall                 Erth           11%        N/A       17%         3
 Searing Ray              Conj           10%        2d4       19%         2
 Brom's Barrelling Bould  Conj/Erth      8%         2d3       63%         4
 Petrify                  Alch/Erth      6%         N/A       71%         4
 Dimensional Bullseye     Hex/Tloc       0%         N/A       88%         4
 Iskenderun's Battlesphe  Conj           5%         2d6       98%         5
 Fireball                 Conj/Fire      1%         3d3       99%         5
 Conjure Ball Lightning   Conj/Air       1%         3x3d6     100%        6
 Orb of Destruction       Conj           2%         9d5       100%        7


Dungeon Overview and Level Annotations

Branches:
Dungeon (4/15)
 Temple: D:4-7

Altars:
Trog
The Shining One

Shops:
D:2 *


Innate Abilities, Weirdness & Mutations

You cannot wear most types of armour.
You are amphibious.
You can wear up to eight rings at the same time.
Your skin changes colour to match your surroundings (Stealth+).
Your rubbery body absorbs attacks. (AC +1, EV +1)
((You are camouflaged when in or above water. (Stealth+)))
You have tentacles for arms and can constrict up to eight enemies at once.


Message History

a +0 whip; a +0 ring mail; an orc corpse
There is an open door here.
There is a stone staircase leading up here.
There is a stone staircase leading up here.
You climb upwards.
There is a stone staircase leading down here.
Done exploring.
Done exploring.
No target in view!
Done exploring.
No target in view!
You climb downwards.
There is a stone staircase leading up here.
There is an open door here.
The ogre shouts!
An ogre is nearby!
Casting: Sandblast (safe; 5% risk of failure)
Confirm with . or Enter, or press ? or * to list all spells.
Aiming: Sandblast (safe; 5% risk of failure)
Press: ? - help, Shift-Dir - straight line, f - ogre
Aim: an ogre, wielding a +0 giant spiked club (91% to hit)
The blast of sand hits the ogre!
The ogre is moderately wounded.
Casting: Sandblast (safe; 5% risk of failure)
Confirm with . or Enter, or press ? or * to list all spells.
Aiming: Sandblast (safe; 5% risk of failure)
Press: ? - help, Shift-Dir - straight line, f/p - ogre
Aim: an ogre, wielding a +0 giant spiked club (moderately wounded, 91% to hit)
The blast of sand hits the ogre!
The ogre is heavily wounded.
You tentacle-slap the ogre. x2
The ogre is severely wounded.
The ogre misses you.
You barely miss the ogre. You squeeze the ogre.
The ogre is almost dead.
You tentacle-slap the ogre.
The ogre is almost dead.
The ogre hits you with a +0 giant spiked club!!!
Ouch! That really hurt!
You die...

...............#
...............#####
...............'.<.#
.............[.###+##
...............##...#
...............''...#
...............##...#
...............##...#
.......O@......##...#
####.#+##....####...#####
#. #####...........) #
#.........†.)
#............
#........#### #........#
#.......## #.......#


You could see an ogre.

Vanquished Creatures
  An orc wizard (D:4)
  5 adders
  3 gnolls (D:3)
  A ribbon worm (D:4)
  2 dart slugs
  4 orcs
  8 ball pythons
  9 endoplasms
  2 giant cockroaches
  4 goblins
  2 hobgoblins
  A quokka (D:1)
  3 bats (D:1)
  2 frilled lizards
  5 kobolds
  5 rats
57 creatures vanquished.

Notes
Turn   | Place    | Note
-------+----------+-------------------------------------------
     0 | D:1      | zenocrate the Octopode Earth Elementalist began the quest
                  | for the Orb.
     0 | D:1      | Reached XP level 1. HP: 11/11 MP: 3/3
   170 | D:1      | Reached skill level 3 in Stealth
   171 | D:1      | Reached XP level 2. HP: 18/18 MP: 3/5
   477 | D:1      | You fall into a shaft and drop 1 floor!
   494 | D:2      | Reached skill level 1 in Fighting
   556 | D:2      | Reached skill level 1 in Unarmed Combat
   573 | D:2      | Found a glowing golden altar of the Shining One.
   720 | D:2      | Reached XP level 3. HP: 21/23 MP: 6/6
  1447 | D:2      | Found Lumac's General Store.
  1495 | D:2      | Found a faded altar of an unknown god.
  1833 | D:3      | Reached XP level 4. HP: 28/28 MP: 4/7
  1840 | D:3      | Reached skill level 4 in Stealth
  1911 | D:3      | Got the Notes on Kinetic Energy and Spellbinding
  1916 | D:3      | Learned a level 3 spell: Stone Arrow
  2321 | D:3      | Reached XP level 5. HP: 28/34 MP: 8/8
  2419 | D:3      | Found a bloodstained altar of Trog.
  2659 | D:4      | Noticed an ogre
  2691 | D:4      | Mangled by an ogre

Illustrated notes

Levels and vault maps discovered:
D:1:      dpeg_arrival_three_bigger_balls, layout_basic
D:2:      layout_loops_ring, serial_shops, shop, basic_altar,
          chequers_ecumenical_altar_simple
D:3:      layout_rooms, trog_three_pillars_becter, moated_statue
D:4:      layout_basic

Skill      XL: |  1  2  3  4  5 |
---------------+----------------+-----
Stealth        | 3 4 |  4.4
Fighting       | 1 2 |  2.1
Unarmed Combat | 1 2 |  2.6
Dodging        | 3 |  3.0
Spellcasting   | |  2.0
Conjurations   | |  1.0
Earth Magic    | |  3.0

Action                     |  1- 3 |  4- 6 || total
---------------------------+-------+-------++-------
  Melee: Unarmed           |    75 |    37 ||   112
         Constrict         |    23 |    13 ||    36
         Tentacles         |    16 |    12 ||    28
         Punch             |     1 |     1 ||     2
   Cast: Sandblast         |     9 |     4 ||    13
    Use: Potion            |       |     1 ||     1
   Stab: Sleeping          |    13 |     5 ||    18
         Distracted        |     1 |       ||     1
 Armour: Skin              |    24 |    22 ||    46
  Dodge: Dodged            |    36 |    17 ||    53

Table legend: (Time is in decaauts)
 A = Elapsed time spent in this place.
 B = Non-inter-level travel time spent in this place.
 C = Inter-level travel time spent in this place.
 D = Time resting spent in this place.
 E = Time spent auto-exploring this place.
 F = Levels seen in this place.
 G = Mean time per level.
                   A        B        C        D        E       F      G
               +--------+--------+--------+--------+--------+-----+--------+
         Total |   2696 |   2628 |     68 |     19 |   2173 |   4 |  674.0 |
       Dungeon |   2696 |   2628 |     68 |     19 |   2173 |   4 |  674.0 |
               +--------+--------+--------+--------+--------+-----+--------+

Top non-repeatable levels by time:
     D:1: 1013 daAuts
     D:3: 739 daAuts
     D:2: 732 daAuts
     D:4: 210 daAuts
